ITL
DETROIT X-WINGS @ TOPEKA TORNADOS
04/23/2025
 
TOP OF THE 1ST
Detroit X-Wings batting - Pitching for Topeka Tornados : LHP Anthony Erickson
Pitching: LHP Anthony Erickson
Batting: RHB Gary Witt 0-0: Swinging Strike
0-1: Foul Ball, location: 2F
0-2: Ball
1-2: Ball
2-2: SINGLE (Flyball, 9LM)
Batting: RHB Enrique Ramírez 0-0: Fly out, F7 (Flyball, 78M)
Batting: LHB Juan Jose Pineda 0-0: Called Strike
0-1: Foul Ball, location: 2F
0-2: Ball
1-2: Grounds into double play, 6-4-3 (Groundball, 6)
Top of the 1st over - 0 run(s), 1 hit(s), 0 error(s), 0 left on base; Detroit 0 - Topeka 0
BOTTOM OF THE 1ST
Topeka Tornados batting - Pitching for Detroit X-Wings : RHP Gabriel Ruíz
Pitching: RHP Gabriel Ruíz
Batting: SHB Martín Medina 0-0: Bunt for hit - play at first, batter OUT! 3-4
Batting: RHB Will Sterling 0-0: Foul Ball, location: 2F
0-1: Called Strike
0-2: Ball
1-2: Ball
2-2: Ground out 1-3 (Groundball, 15S)
Batting: LHB Mike Callahan 0-0: Ball
1-0: Ball
2-0: Ball
3-0: Ground out 4-3 (Groundball, 4)
Bottom of the 1st over - 0 run(s), 0 hit(s), 0 error(s), 0 left on base; Detroit 0 - Topeka 0
TOP OF THE 2ND
Detroit X-Wings batting - Pitching for Topeka Tornados : LHP Anthony Erickson
Batting: SHB Jaime Montés 0-0: Called Strike
0-1: Ball
1-1: Called Strike
1-2: Strikes out swinging
Batting: SHB Felipe Detorres 0-0: Swinging Strike
0-1: Called Strike
0-2: Fly out, F4 (Popup, 4D)
Batting: RHB Juan Martínez 0-0: Ball
1-0: Foul Ball, location: 2F
1-1: Ball
2-1: Called Strike
2-2: SINGLE (Flyball, 78S)
Batting: RHB Marcos Valdés 0-0: Ball
1-0: 2-RUN HOME RUN (Flyball, 78XD), Distance : 390 ft
Batting: RHB Rick Anderson 0-0: Swinging Strike
0-1: Reached on error, E5 (Groundball, 5S)
Batting: LHB Gonzalo Trujillo 0-0: Swinging Strike
0-1: Fly out, F9 (Flyball, 89M)
Top of the 2nd over - 2 run(s), 2 hit(s), 1 error(s), 1 left on base; Detroit 2 - Topeka 0
BOTTOM OF THE 2ND
Topeka Tornados batting - Pitching for Detroit X-Wings : RHP Gabriel Ruíz
Batting: LHB Morgan Wright 0-0: Ball
1-0: Ball
2-0: Ball
3-0: Called Strike
3-1: Base on Balls
Batting: RHB Cho-yun Qiao 0-0: Ball
1-0: Foul Ball, location: 2F
1-1: Ball
2-1: DOUBLE (Groundball, 5L)
Morgan Wright to third
Runner from 3rd tries for Home, SAFE, throw made home
Batting: SHB Shane Hutchinson 0-0: Foul Ball, location: 2F
0-1: Ball
1-1: SINGLE (Groundball, 34)
Cho-yun Qiao to third
Batting: SHB David García 0-0: Ball
1-0: SINGLE (Line Drive, 6)
Cho-yun Qiao scores
Shane Hutchinson to second
Batting: RHB Hamilton Holbrook 0-0: Ball
1-0: Called Strike
1-1: Foul Ball, location: 2F
1-2: Ball
2-2: Ball
3-2: Foul Ball, location: 2F
3-2: Foul Ball, location: 2F
Single, Error in OF, E7, batter to second base
Shane Hutchinson scores
David García to third
Batting: RHB Danny Reed 0-0: Foul Ball, location: 2F
0-1: Foul Ball, location: 2F
0-2: Strikes out swinging
Batting: SHB Martín Medina 0-0: Called Strike
0-1: Ground out 4-3 (Groundball, 34D)
David García scores
Hamilton Holbrook to third
Batting: RHB Will Sterling 0-0: Ball
1-0: Ball
2-0: SINGLE (Flyball, 89M)
Hamilton Holbrook scores
Batting: LHB Mike Callahan 0-0: Called Strike
0-1: Ball
1-1: Swinging Strike
1-2: Ball
2-2: Strikes out swinging
Bottom of the 2nd over - 5 run(s), 5 hit(s), 1 error(s), 1 left on base; Detroit 2 - Topeka 5
TOP OF THE 3RD
Detroit X-Wings batting - Pitching for Topeka Tornados : LHP Anthony Erickson
Batting: RHB Gary Witt 0-0: Fly out, F4 (Line Drive, 4)
Batting: RHB Enrique Ramírez 0-0: Foul Ball, location: 2F
0-1: Ball
1-1: Fly out, F8 (Flyball, 89XD)
Batting: LHB Juan Jose Pineda 0-0: Called Strike
0-1: Swinging Strike
0-2: Strikes out looking
Top of the 3rd over - 0 run(s), 0 hit(s), 0 error(s), 0 left on base; Detroit 2 - Topeka 5
BOTTOM OF THE 3RD
Topeka Tornados batting - Pitching for Detroit X-Wings : RHP Gabriel Ruíz
Batting: LHB Morgan Wright 0-0: Ball
1-0: Ball
2-0: Ground out 4-3 (Groundball, 34)
Batting: RHB Cho-yun Qiao 0-0: Called Strike
0-1: Swinging Strike
0-2: Strikes out swinging
Batting: SHB Shane Hutchinson 0-0: Ball
1-0: Foul Ball, location: 2F
1-1: Foul Ball, location: 2F
1-2: Ball
2-2: Ball
3-2: Base on Balls
Batting: SHB David García 0-0: Ball
1-0: Ball
2-0: Called Strike
2-1: SINGLE (Line Drive, 8LS)
Shane Hutchinson to second
Runner from 2nd tries for 3rd, SAFE, throw made to third
David García to second
Batting: RHB Hamilton Holbrook 0-0: Ball
1-0: Foul Ball, location: 2F
1-1: Called Strike
1-2: Ball
2-2: Ball
3-2: Base on Balls
Batting: RHB Danny Reed 0-0: Foul Ball, location: 2F
0-1: Ball
1-1: Called Strike
1-2: Ball
2-2: Ball
3-2: Base on Balls
Shane Hutchinson scores
David García to third
Hamilton Holbrook to second
Batting: SHB Martín Medina 0-0: Swinging Strike
0-1: Swinging Strike
0-2: Ball
1-2: Ball
2-2: Ball
3-2: Strikes out swinging
Bottom of the 3rd over - 1 run(s), 1 hit(s), 0 error(s), 3 left on base; Detroit 2 - Topeka 6
TOP OF THE 4TH
Detroit X-Wings batting - Pitching for Topeka Tornados : LHP Anthony Erickson
Batting: SHB Jaime Montés 0-0: Ball
1-0: Called Strike
1-1: Ground out 6-3 (Groundball, 6)
Batting: SHB Felipe Detorres 0-0: SINGLE (Line Drive, 56D)
Batting: RHB Juan Martínez 0-0: Ball
1-0: Called Strike
1-1: Fly out, F6 (Popup, 56)
Batting: RHB Marcos Valdés 0-0: Called Strike
0-1: Fly out, F9 (Popup, 4D)
Top of the 4th over - 0 run(s), 1 hit(s), 0 error(s), 1 left on base; Detroit 2 - Topeka 6
BOTTOM OF THE 4TH
Topeka Tornados batting - Pitching for Detroit X-Wings : RHP Gabriel Ruíz
Batting: RHB Will Sterling 0-0: Called Strike
0-1: SINGLE (Line Drive, 7LM)
Batting: LHB Mike Callahan 0-0: DOUBLE (Line Drive, 89XD)
Will Sterling to third
Runner from 3rd tries for Home, SAFE, throw made home
Batting: LHB Morgan Wright 0-0: Swinging Strike
Passed Ball!
Mike Callahan to third
0-1: Ball
1-1: Ball
2-1: Foul Ball, location: 2F
2-2: Ball
3-2: Foul Ball, location: 2F
3-2: Foul Ball, location: 2F
3-2: Base on Balls
Pitching: RHP Travis Whitney
Batting: RHB Cho-yun Qiao 0-0: Fly out, F9 (Flyball, 9LS)
Batting: SHB Shane Hutchinson 0-0: Ball
1-0: Foul Ball, location: 2F
1-1: Swinging Strike
1-2: Ball
2-2: DOUBLE (Line Drive, 5)
Mike Callahan scores
Morgan Wright to third
Runner from 3rd tries for Home, SAFE, throw made at trailing runner, SAFE at third!
Batting: SHB David García 0-0: Ball
1-0: Foul Ball, location: 2F
1-1: Ball
2-1: Foul Ball, location: 2F
2-2: Ball
3-2: Base on Balls
Batting: RHB Hamilton Holbrook 0-0: Called Strike
0-1: SINGLE (Flyball, 8LS)
Shane Hutchinson scores
David García to second
Runner from 2nd tries for 3rd, SAFE, throw made to third
Batting: RHB Danny Reed 0-0: Ball
1-0: Swinging Strike
1-1: Foul Ball, location: 2F
1-2: Foul Ball, location: 2F
1-2: SINGLE (Line Drive, 8RS)
David García scores
Hamilton Holbrook to second
Batting: SHB Martín Medina 0-0: Called Strike
0-1: 3-RUN HOME RUN (Flyball, 7D), Distance : 376 ft
Pitching: RHP Sloan Otto
Batting: RHB Will Sterling 0-0: Ball
1-0: Reached on error, E3 (Groundball, 3S)
Batting: LHB Mike Callahan 0-0: Called Strike
0-1: Foul Ball, location: 2F
0-2: SINGLE (Line Drive, 4D)
Will Sterling to second
Batting: LHB Morgan Wright 0-0: Swinging Strike
0-1: Ground out U3 (Groundball, 3S)
Will Sterling to third
Mike Callahan to second
Batting: RHB Cho-yun Qiao 0-0: Ball
1-0: Ball
2-0: Fly out, F7 (Flyball, 7M)
Bottom of the 4th over - 8 run(s), 7 hit(s), 1 error(s), 2 left on base; Detroit 2 - Topeka 14
TOP OF THE 5TH
Detroit X-Wings batting - Pitching for Topeka Tornados : LHP Anthony Erickson
Batting: RHB Rick Anderson 0-0: Ball
1-0: Ball
2-0: Ball
3-0: Called Strike
3-1: Called Strike
3-2: Foul Ball, location: 2F
3-2: Base on Balls
Batting: LHB Gonzalo Trujillo 0-0: Swinging Strike
0-1: Foul Ball, location: 2F
0-2: Strikes out swinging
Batting: RHB Gary Witt 0-0: Called Strike
0-1: Ball
1-1: 2-RUN HOME RUN (Flyball, 9D), Distance : 376 ft
Batting: RHB Enrique Ramírez 0-0: Called Strike
0-1: Foul Ball, location: 2F
0-2: Ball
1-2: Ball
2-2: Foul Ball, location: 2F
2-2: Foul Ball, location: 2F
2-2: DOUBLE (Groundball, 5D)
Batting: LHB Juan Jose Pineda 0-0: Ball
1-0: Foul Ball, location: 2F
1-1: Swinging Strike
1-2: Ball
2-2: Foul Ball, location: 2F
2-2: Ball
3-2: Base on Balls
Batting: SHB Jaime Montés 0-0: Called Strike
0-1: Called Strike
0-2: Foul Ball, location: 2F
0-2: Foul Ball, location: 2F
0-2: Foul Ball, location: 2F
0-2: Strikes out swinging
Batting: SHB Felipe Detorres 0-0: Fielders Choice at 2nd, U6 (Groundball, 6M)
Top of the 5th over - 2 run(s), 2 hit(s), 0 error(s), 2 left on base; Detroit 4 - Topeka 14
BOTTOM OF THE 5TH
Topeka Tornados batting - Pitching for Detroit X-Wings : RHP Sloan Otto
Batting: SHB Shane Hutchinson 0-0: Ball
1-0: Swinging Strike
1-1: Ball
2-1: Foul Ball, location: 2F
2-2: Strikes out swinging
Batting: SHB David García 0-0: Called Strike
0-1: Ball
1-1: Ball
2-1: Foul Ball, location: 2F
2-2: Foul Ball, location: 2F
2-2: Ball
3-2: Foul Ball, location: 2F
3-2: Strikes out swinging
Batting: RHB Hamilton Holbrook 0-0: Ball
1-0: Fly out, F3 (Line Drive, 3)
Bottom of the 5th over - 0 run(s), 0 hit(s), 0 error(s), 0 left on base; Detroit 4 - Topeka 14
TOP OF THE 6TH
Detroit X-Wings batting - Pitching for Topeka Tornados : LHP Anthony Erickson
Batting: RHB Juan Martínez 0-0: Ball
1-0: Called Strike
1-1: Ground out 5-3 (Groundball, 5)
Batting: RHB Marcos Valdés 0-0: SINGLE (Groundball, 6)
Batting: RHB Rick Anderson 0-0: Ball
1-0: Called Strike
1-1: Ball
2-1: Ball
3-1: Fly out, F2 (Popup, 23F)
Batting: LHB Gonzalo Trujillo 0-0: Ball
1-0: Foul Ball, location: 2F
1-1: Ball
2-1: Swinging Strike
2-2: Fly out, F9 (Flyball, 9LM)
Top of the 6th over - 0 run(s), 1 hit(s), 0 error(s), 1 left on base; Detroit 4 - Topeka 14
BOTTOM OF THE 6TH
Topeka Tornados batting - Pitching for Detroit X-Wings : RHP Sloan Otto
Batting: RHB Danny Reed 0-0: Foul Ball, location: 2F
0-1: Foul Ball, location: 2F
0-2: Foul Ball, location: 2F
0-2: Ground out 5-3 (Groundball, 56)
Batting: SHB Martín Medina 0-0: Ball
1-0: Called Strike
1-1: Bunt missed!
1-2: Strikes out swinging
Batting: RHB Will Sterling 0-0: Ball
1-0: Foul Ball, location: 2F
1-1: Swinging Strike
1-2: Reached on Error, E7 (Line Drive, 7M)
Batting: LHB Mike Callahan 0-0: Called Strike
0-1: SINGLE (Groundball, 13) (infield hit)
Will Sterling to third
Batting: LHB Morgan Wright 0-0: Ball
1-0: Foul Ball, location: 2F
1-1: Foul Ball, location: 2F
1-2: Fly out, F8 (Popup, 6MD)
Bottom of the 6th over - 0 run(s), 1 hit(s), 1 error(s), 2 left on base; Detroit 4 - Topeka 14
TOP OF THE 7TH
Detroit X-Wings batting - Pitching for Topeka Tornados : LHP Anthony Erickson
Pitching: LHP Hicham Seif
Batting: RHB Gary Witt 0-0: Ball
1-0: Ball
2-0: Ball
3-0: Called Strike
3-1: Swinging Strike
3-2: Strikes out swinging
Batting: RHB Enrique Ramírez 0-0: Swinging Strike
0-1: Ball
1-1: Foul Ball, location: 2F
1-2: Ball
2-2: Ball
3-2: Strikes out swinging
Batting: LHB Juan Jose Pineda 0-0: Ball
1-0: Ground out 4-3 (Groundball, 4)
Top of the 7th over - 0 run(s), 0 hit(s), 0 error(s), 0 left on base; Detroit 4 - Topeka 14
BOTTOM OF THE 7TH
Topeka Tornados batting - Pitching for Detroit X-Wings : RHP Sloan Otto
Pitching: RHP Felipe Téllez
Batting: RHB Cho-yun Qiao 0-0: Ball
1-0: Fly out, F7 (Flyball, 7D)
Batting: SHB Shane Hutchinson 0-0: Ball
1-0: Ball
2-0: Foul Ball, location: 2F
2-1: Ball
3-1: Swinging Strike
3-2: Strikes out swinging
Batting: SHB David García 0-0: Ball
1-0: Ball
2-0: Ball
3-0: Base on Balls
Batting: RHB Hamilton Holbrook 0-0: Ball
1-0: Called Strike
1-1: Swinging Strike
1-2: Foul Ball, location: 2F
1-2: Strikes out swinging
Bottom of the 7th over - 0 run(s), 0 hit(s), 0 error(s), 1 left on base; Detroit 4 - Topeka 14
TOP OF THE 8TH
Detroit X-Wings batting - Pitching for Topeka Tornados : LHP Hicham Seif
Now in LF: George Clark
Now in CF: Cullen Cox
Batting: SHB Jaime Montés 0-0: Called Strike
0-1: Ball
1-1: Fly out, F6 (Popup, 6D)
Batting: SHB Felipe Detorres 0-0: Ball
1-0: Fly out, F9 (Line Drive, 89S)
Batting: RHB Juan Martínez 0-0: Called Strike
0-1: Ground out 6-3 (Groundball, 6)
Top of the 8th over - 0 run(s), 0 hit(s), 0 error(s), 0 left on base; Detroit 4 - Topeka 14
BOTTOM OF THE 8TH
Topeka Tornados batting - Pitching for Detroit X-Wings : RHP Felipe Téllez
Batting: RHB Danny Reed 0-0: Swinging Strike
0-1: Ball
1-1: Called Strike
1-2: Ball
2-2: Ball
3-2: Base on Balls
Batting: SHB Martín Medina 0-0: Ball
1-0: Ball
2-0: Ball
3-0: Called Strike
3-1: Base on Balls
Danny Reed to second
Batting: RHB Will Sterling 0-0: Ball
1-0: Bunted foul
1-1: Bunted foul
1-2: SINGLE (Groundball, 25) (infield hit)
Danny Reed to third
Martín Medina to second
Batting: LHB Mike Callahan 0-0: Ball
1-0: Ball
2-0: Ball
3-0: Called Strike
3-1: Called Strike
3-2: Grounds into double play, 4-6-3 (Groundball, 4)
Danny Reed scores
Martín Medina to third
Batting: LHB Morgan Wright 0-0: Ground out U3 (Groundball, 3L)
Bottom of the 8th over - 1 run(s), 1 hit(s), 0 error(s), 1 left on base; Detroit 4 - Topeka 15
TOP OF THE 9TH
Detroit X-Wings batting - Pitching for Topeka Tornados : LHP Hicham Seif
Now at 1B: Yasuhiko Onodera
Batting: RHB Marcos Valdés 0-0: Reached on error, E6 (Groundball, 56)
Batting: RHB Rick Anderson 0-0: Ball
1-0: Ball
2-0: Ball
Wild Pitch!
Marcos Valdés to third
3-0: Called Strike
3-1: Base on Balls
Batting: LHB Gonzalo Trujillo 0-0: Called Strike
0-1: Ball
1-1: Ball
2-1: Ground out 4-3 (Groundball, 4M)
Marcos Valdés scores
Rick Anderson to second
Pinch Hitting: RHB Diego Ocampo 0-0: Ball
1-0: Called Strike
1-1: Called Strike
1-2: Foul Ball, location: 2F
1-2: Strikes out swinging
Batting: RHB Enrique Ramírez 0-0: Ball
1-0: Ball
2-0: Ball
3-0: Base on Balls
Batting: LHB Juan Jose Pineda 0-0: Called Strike
0-1: Foul Ball, location: 2F
0-2: SINGLE (Flyball, 8RS)
Rick Anderson to third
Enrique Ramírez to second
Runner from 3rd tries for Home, SAFE, throw made at trailing runner, OUT at third!
Top of the 9th over - 2 run(s), 1 hit(s), 1 error(s), 1 left on base; Detroit 6 - Topeka 15
This league is powered by Out of the Park Baseball, the baseball management simulation game for PC, Mac and Linux
Tuesday, August 2nd, 2016 - OOTP Baseball 16.8 Build 38